Map: 环轨星港

Players

iGXiGua

  • Race: Zerg Zerg
  • League: Master

iGRushcrazy - Winner!

  • Race: Protoss Protoss
  • League: Master

Event: GPL 2015 - Grand Finals

VOD

Have the link to the VOD?

Description

Time

  • Played on: Jan. 10, 2016, 6:05 a.m.
  • Length: 12:43

All games in this series

Show
View Real Time Build Order
Export as new Build Order

iGXiGua Zerg 

Build Orders: 3 Hatch before Pool, Lurkers 

Get SALT Encoding   

  12  0:01  Drone  
  13  0:08  Drone  
  14  0:17  Overlord  
  14  0:22  Extractor  
  14  0:23  Drone  
  15  0:36  Drone x2  
  17  0:44  Drone  
  18  0:56  Hatchery  
  17  1:00  Drone  
  18  1:09  Drone  
  19  1:22  Hatchery  
  18  1:26  Drone  
  19  1:38  Spawning Pool  
  18  1:40  Drone  
  18  1:46  Drone  
  20  1:48  Drone  
  21  2:02  Drone  
  22  2:09  Drone  
  22  2:11  Drone  
  24  2:20  Overlord  
  24  2:23  Drone  
  24  2:27  Extractor  
  24  2:28  Queen x2  
  28  2:34  Queen  
  28  2:35  Overlord  
  31  2:38  Zergling x2  
  31  2:41  Drone  
  31  2:42  Drone  
  34  2:45  Drone  
  34  2:50  Drone  
  36  2:51  Drone  
  36  2:53  Drone  
  36  2:56  Drone  
  39  3:02  Drone  
  39  3:04  Queen  
  42  3:06  Drone  
  42  3:07  Drone  
  44  3:13  Overlord  
  44  3:16  Extractor  
  44  3:19  Overlord, Extractor  
  42  3:20  Drone  
  42  3:23  Drone  
  44  3:27  Drone  
  44  3:29  Drone  
  46  3:36  Zergling x8  
  46  3:39  Zergling x6  
  46  3:41  Drone  
  53  3:42  Drone  
  53  3:43  Drone x3  
  57  3:49  Drone  
  57  3:50  Drone  
  57  3:53  Drone  
  60  3:59  Drone  
  60  4:00  Drone  
  62  4:03  Drone  
  62  4:10  Drone, Lair  
  62  4:12  Drone  
  62  4:13  Drone  
  62  4:16  Roach Warren, Overlord  
  62  4:17  Overlord  
  64  4:19  Evolution Chamber  
  63  4:26  Overlord x3  
  63  4:27  Overlord  
  63  4:32  Metabolic Boost  
  63  4:34  Extractor x2  
  63  4:36  Spore Crawler x2, Drone x3  
  63  4:37  Spore Crawler  
  61  4:40  Drone  
  61  4:41  Spore Crawler, Drone  
  62  4:46  Drone x2  
  62  4:47  Drone  
  62  4:49  Drone x2  
  62  4:52  Spore Crawler  
  66  4:56  Drone  
  66  4:58  Zerg Missile Weapons Level 1  
  66  4:59  Drone x3  
  70  5:03  Drone  
  70  5:04  Extractor, Drone  
  70  5:05  Extractor  
  70  5:12  Spore Crawler  
  69  5:15  Hydralisk Den  
  69  5:18  Drone x3  
  69  5:19  Drone x2  
  69  5:20  Drone x2  
  75  5:23  Drone  
  75  5:26  Drone  
  75  5:28  Drone x2  
  77  5:30  Drone  
  77  5:32  Drone x3  
  77  5:33  Overseer  
  81  5:35  Drone  
  81  5:40  Drone  
  81  5:42  Drone  
  83  5:48  Overlord x2  
  82  5:52  Lurker Den  
  82  6:00  Overlord  
  82  6:01  Overlord x3  
  82  6:08  Drone x4  
  82  6:16  Hydralisk x5  
  92  6:20  Drone  
  92  6:24  Hydralisk x3  
  99  6:27  Hydralisk x4  
  99  6:32  Drone  
  106  6:34  Hydralisk x3  
  106  6:39  Hydralisk x2  
  111  6:44  Glial Reconstitution  
  111  6:46  Hydralisk x2  
  111  6:47  Hydralisk  
  115  6:52  Zergling x4  
  123  6:56  Zergling x6  
  123  7:00  Zerg Missile Weapons Level 2  
  126  7:02  Zergling x14  
  126  7:06  Overlord  
  133  7:08  Overlord  
  133  7:15  Hatchery  
  132  7:18  Zergling x6  
  135  7:25  Overseer  
  135  7:27  Lurker x4  
  135  7:28  Zergling x6  
  135  7:29  Lurker  
  143  7:41  Overlord x3  
  143  7:42  Zergling x16  
  149  7:47  Zergling x2, Spire  
  149  7:54  Zergling x4  
  149  7:56  Zergling x2  
  149  8:04  Zergling x4  
  145  8:07  Zergling x4, Drone  
  145  8:09  Zergling x6  
  145  8:12  Zergling x2  
  121  8:14  Zergling x4  
  113  8:20  Zergling x2  
  113  8:26  Zergling x6  
  113  8:28  Queen  
  113  8:31  Roach  
  112  8:36  Roach x2  
  112  8:38  Roach  
  109  8:42  Roach  
  109  8:45  Roach  
  106  8:51  Roach  
  106  8:52  Roach x10  
  121  8:58  Drone  
  114  9:03  Drone x3  
  114  9:07  Lurker x5  
  114  9:08  Roach  
  122  9:17  Hydralisk  
  122  9:18  Hydralisk x3  
  130  9:26  Hydralisk  
  130  9:27  Hydralisk x2  
  130  9:30  Hydralisk x2  
  140  9:32  Spore Crawler  
  140  9:33  Hydralisk  
  140  9:34  Spore Crawler  
  140  9:37  Roach x2  
  142  9:39  Roach  
  142  9:42  Roach  
  142  9:43  Roach  
  142  9:44  Roach  
  150  9:49  Roach  
  150  9:50  Roach  
  150  9:51  Roach  
  150  9:57  Extractor  
  147  10:00  Roach x2  
  147  10:01  Roach  
  147  10:04  Extractor  
  152  10:11  Zergling x2  
  152  10:12  Zergling x14  
  160  10:15  Zergling x4  
  162  10:24  Zergling x4  
  164  10:29  Hatchery  
  164  10:33  Mutalisk x2  
  164  10:35  Mutalisk  
  168  10:45  Mutalisk x3  
  168  10:48  Overlord  
  174  10:55  Mutalisk x2  
  177  10:59  Overlord x2  
  173  11:05  Mutalisk  
  173  11:10  Mutalisk  
  169  11:12  Zergling x2  
  169  11:13  Zergling x8  
  169  11:17  Zergling x6  
  162  11:27  Zergling x2, Roach x3  
  116  11:38  Zergling x8  
  118  11:50  Roach x2  
  117  11:57  Hydralisk  
  117  11:58  Hydralisk  
  121  12:01  Hydralisk  
  122  12:08  Roach x2  
  122  12:13  Roach  
  122  12:14  Roach  
Show
View Real Time Build Order
Export as new Build Order

iGRushcrazy Protoss - Winner!

Build Orders: Nexus First, Phoenix Opening 

Get SALT Encoding   

  12  0:01  Probe (Chrono Boost)  
  13  0:11  Probe (Chrono Boost)  
  14  0:21  Pylon  
  14  0:22  Probe (Chrono Boost)  
  15  0:40  Probe (Chrono Boost)  
  16  0:50  Probe (Chrono Boost)  
  17  0:59  Nexus  
  17  1:02  Probe (Chrono Boost)  
  18  1:12  Gateway  
  18  1:15  Probe (Chrono Boost)  
  19  1:22  Assimilator  
  19  1:25  Probe (Chrono Boost)  
  20  1:29  Assimilator  
  20  1:36  Probe (Chrono Boost)  
  21  1:46  Probe (Chrono Boost)  
  22  1:47  Pylon  
  22  1:57  Probe (Chrono Boost)  
  23  2:03  Cybernetics Core  
  23  2:07  Probe (Chrono Boost)  
  24  2:12  Probe (Chrono Boost)  
  25  2:18  Probe (Chrono Boost)  
  26  2:23  Probe (Chrono Boost)  
  26  2:28  Probe (Chrono Boost)  
  28  2:33  Probe (Chrono Boost)  
  29  2:38  Adept (Chrono Boost)  
  29  2:39  Probe (Chrono Boost)  
  29  2:40  Stargate  
  29  2:42  Probe  
  33  2:45  Warp Gate  
  33  2:51  Probe (Chrono Boost)  
  34  2:53  Probe (Chrono Boost)  
  35  3:03  Probe (Chrono Boost), Adept  
  35  3:05  Probe (Chrono Boost)  
  39  3:13  Probe (Chrono Boost)  
  39  3:15  Probe (Chrono Boost)  
  39  3:16  Pylon  
  41  3:23  Phoenix (Chrono Boost)  
  41  3:24  Mothership Core, Probe  
  46  3:34  Adept  
  48  3:35  Probe  
  49  3:45  Probe  
  49  3:46  Phoenix (Chrono Boost), Nexus  
  52  3:53  Probe  
  53  3:56  Pylon  
  53  3:57  Probe  
  54  4:11  Gateway  
  54  4:13  Probe  
  54  4:14  Gateway  
  54  4:15  Phoenix (Chrono Boost)  
  54  4:16  Pylon, Probe  
  58  4:23  Probe  
  58  4:30  Assimilator  
  59  4:31  Assimilator  
  59  4:36  Phoenix (Chrono Boost)  
  59  4:38  Probe  
  62  4:39  Probe  
  62  4:40  Pylon  
  63  4:50  Probe x2  
  65  4:53  Forge  
  65  4:55  Twilight Council  
  65  4:58  Phoenix (Chrono Boost), Probe  
  68  5:01  Probe  
  68  5:02  Probe  
  70  5:08  Probe  
  70  5:12  Probe  
  72  5:14  Probe  
  72  5:20  Phoenix (Chrono Boost)  
  75  5:25  Protoss Ground Weapons Level 1  
  75  5:29  Pylon  
  75  5:30  Probe  
  75  5:33  Probe  
  77  5:35  Gateway  
  77  5:36  Gateway  
  77  5:41  Phoenix (Chrono Boost), Gateway  
  79  5:44  Pylon  
  79  5:45  Probe  
  79  5:48  Probe x2  
  80  5:53  Robotics Facility  
  80  5:54  Templar Archives  
  80  5:56  Pylon  
  83  5:57  Probe  
  83  5:59  Probe x2  
  83  6:00  Assimilator x2  
  85  6:06  Pylon  
  85  6:09  Probe x2  
  85  6:10  Probe  
  87  6:12  Gateway  
  87  6:15  Gateway  
  87  6:17  Pylon  
  88  6:18  Gateway  
  88  6:20  Probe x2  
  88  6:21  Probe  
  88  6:23  Charge  
  91  6:30  Probe  
  91  6:31  Probe  
  93  6:33  Probe  
  93  6:38  Gateway  
  93  6:39  Observer (Chrono Boost), Psionic Storm, Gateway  
  95  6:41  Sentry, Pylon  
  97  6:53  Zealot x2, Warp Prism  
  99  7:03  Gateway  
  99  7:04  Gateway  
  99  7:10  Zealot  
  101  7:18  Zealot x3, High Templar x2  
  111  7:22  Zealot  
  111  7:23  Pylon  
  111  7:24  Immortal  
  111  7:28  Zealot  
  111  7:29  Pylon  
  119  7:31  Pylon  
  119  7:39  Zealot x6  
  131  7:46  Pylon  
  131  7:51  High Templar x2  
  135  7:52  Zealot x2  
  132  8:07  Archon x2  
  132  8:09  Zealot x6  
  119  8:12  Zealot x3  
  119  8:18  Observer  
  121  8:24  Zealot x2  
  122  8:29  Zealot x6  
  122  8:32  Protoss Ground Weapons Level 2 (Chrono Boost)  
  134  8:35  High Templar x3  
  134  8:39  Zealot  
  134  8:40  Zealot  
  142  8:44  Zealot  
  142  8:45  Zealot  
  140  8:49  High Templar  
  140  8:50  High Templar  
  140  8:51  Zealot x2  
  136  9:02  Pylon  
  136  9:05  Pylon  
  136  9:07  Pylon  
  136  9:09  Pylon  
  132  9:10  Zealot x6, Pylon  
  132  9:14  Zealot  
  132  9:16  High Templar  
  148  9:21  High Templar  
  148  9:22  Zealot x3  
  156  9:25  Archon  
  156  9:34  Zealot x4, Immortal  
  156  9:35  Zealot x2  
  168  9:38  High Templar x2  
  154  10:04  High Templar x2  
  154  10:09  Warp Prism, Robotics Facility  
  154  10:14  Archon x2, Nexus  
  154  10:17  Pylon  
  154  10:20  Pylon  
  154  10:22  Fleet Beacon  
  154  10:24  Stargate  
  154  10:35  High Templar x2  
  158  10:36  Zealot x6  
  158  10:39  Archon  
  170  10:42  Oracle (Chrono Boost)  
  173  10:52  Zealot x2  
  173  10:53  Zealot x3  
  183  11:13  Zealot, Stalker x3  
  183  11:18  Phoenix (Chrono Boost)  
  193  11:20  High Templar x2  
  193  11:21  Phoenix (Chrono Boost)  
  147  11:33  Archon x2  
  147  11:35  Stalker x6  
  147  11:36  Zealot  
  161  11:42  Phoenix (Chrono Boost)  
  153  11:54  Zealot  
  153  11:55  Zealot x3  
  159  12:03  Zealot x2  
  139  12:17  Phoenix (Chrono Boost)  
  139  12:19  Stalker x2  
  130  12:36  Zealot x4  
Tags
 
Add a new tag
Caveats
  • Supply blocks, unpowered buildings, or Contaminate may cause inaccurate times.
  • Supply counts are checked every 10 seconds.